 Dungeon Crawl Stone Soup version 0.25.0-37-gb73750e0fb (webtiles) character file.

Game seed: 2804870349183880297

8 Aviak the Stinger (level 2, 20/20 HPs)
             Began as a Demonspawn Venom Mage on July 8, 2020.
             Quit the game on level 1 of the Dungeon.
             The game lasted 00:00:45 (514 turns).

Aviak the Stinger (Demonspawn Venom Mage)            Turns: 514, Time: 00:00:46

Health: 20/20      AC:  2    Str:  8    XL:     2   Next: 0%
Magic:  5/5        EV: 12    Int: 16    God:
Gold:   31         SH:  0    Dex: 13    Spells: 4/5 levels left

rFire    . . .     SeeInvis .   e - +0 dagger
rCold    . . .     Gourm    .   (no shield)
rNeg     . . .     Faith    .   a - +0 robe
rPois    .         Spirit   .   (no helmet)
rElec    .         Reflect  .   (no cloak)
rCorr    .         Harm     .   (no gloves)
MR       .....                  (no boots)
Stlth    ++........             (no amulet)
HPRegen  0.06/turn              (no ring)
MPRegen  0.09/turn              (no ring)

@: no status effects
A: demonic guardian 1
a: no special abilities


You were on level 1 of the Dungeon.
You were not hungry.

You visited 1 branch of the dungeon, and saw 1 of its levels.

You collected 31 gold pieces.

Inventory:

Hand Weapons
 e - a +0 dagger (weapon)
Armour
 a - a +0 robe (worn)
Scrolls
 b - a scroll of immolation {unknown}
 f - a scroll of teleportation {unknown}
 g - a scroll of amnesia {unknown}
 i - a scroll of random uselessness {unknown}
Potions
 d - a potion of brilliance {unknown}
 h - 2 potions of magic {unknown}
Comestibles
 c - a ration


   Skills:
 + Level 0.7 Fighting
 - Level 1.7 Dodging
 - Level 1.7 Stealth
 + Level 2.2 Spellcasting
 - Level 1.0 Transmutations
 + Level 3.1 Poison Magic


You had 4 spell levels left.
You knew the following spells:

 Your Spells              Type           Power        Failure   Level  Hunger
a - Sting                 Tmut/Pois      #...         9%          1    #......

Your spell library contained the following spells:

 Spells                   Type           Power        Failure   Level  Hunger
 Poisonous Vapours        Pois/Air       #.....       16%         2    ###....
 Ignite Poison            Fire/Tmut/Pois #.......     34%         3    ###....
 Mephitic Cloud           Conj/Pois/Air  #.......     36%         3    ###....
 Olgreb's Toxic Radiance  Pois           ##......     50%         4    #####..


Dungeon Overview and Level Annotations

Branches:
Dungeon (1/15)

Altars:
Cheibriados


Innate Abilities, Weirdness & Mutations

A weak demonic guardian rushes to your aid.


Message History

Press: ? - help, Shift-Dir - straight line, f/p - bat
Aim: a bat (severely wounded, poisoned)
You miscast Sting.
You are very lightly contaminated with residual magic.
Nothing appears to happen.
The bat closely misses you.
A bat is nearby!
You closely miss the bat.
The bat is severely wounded.
The bat hits you but does no damage. x2
You hit the bat.
You kill the bat!
You have reached level 2!
Your demonic ancestry asserts itself...
You feel the presence of a demonic guardian.
Your magical contamination has completely faded away.
You open the door.
A goblin comes into view.
There is an open door here.
A goblin is nearby!
Are you sure you want to abandon this character and quit the game? (Confirm with "yes".)

.................................
####...#######.....#####....##...
...................# #...........
####...#######.###.# #...........
####...#.........#.###...........
........†.......................†
#.##......############.........##
# #.###..# #...............# #.
#..######@#####.........# #.
##..##........###...####.# #.
#.............# ...##...##
#......................##.#...
####...................##.....
#.....######...... #..≈≈≈ #####.#
####.. #.≈.. #.# .g #.≈.. #.#
#.≈..


You could see a goblin (asleep).

Vanquished Creatures
  A giant cockroach (D:1)
  A kobold (D:1)
  3 bats (D:1)
  A frilled lizard (D:1)
  3 rats (D:1)
9 creatures vanquished.

Notes
Turn   | Place    | Note
-------+----------+-------------------------------------------
     0 | D:1      | Aviak the Demonspawn Venom Mage began the quest for the
                  | Orb.
     0 | D:1      | Reached XP level 1. HP: 13/13 MP: 3/3
   222 | D:1      | Found a snail-covered altar of Cheibriados.
   228 | D:1      | Reached skill level 1 in Transmutations
   460 | D:1      | Gained mutation: A weak demonic guardian rushes to your
                  | aid. [demonic ancestry]
   460 | D:1      | Reached XP level 2. HP: 20/20 MP: 1/5
   514 | D:1      | Quit the game

Illustrated notes

Levels and vault maps discovered:
D:1:      ebering_trefoil_twist, layout_basic, minmay_splitting_lines,
          cheibriados_altar_1

Skill      XL: |  1 |
---------------+----+-----
Transmutations | 1 |  1.0
Fighting       | |  0.7
Dodging        | |  1.7
Stealth        | |  1.7
Spellcasting   | |  2.2
Poison Magic   | |  3.1

Action                   || total
-------------------------++-------
Melee: Dagger            ||    11
       Unarmed           ||     6
 Cast: Sting             ||    13
 Stab: Sleeping          ||     1
Armor: Robe              ||     6
Dodge: Dodged            ||    20
